 Dungeon Crawl Stone Soup version 0.25.0-37-gb73750e0fb (webtiles) character file.

Game seed: 10691184020028204666

113 ANON1729 the Skirmisher (level 5, -2/42 HPs)
             Began as a Formicid Abyssal Knight on July 9, 2020.
             Was a Believer of Lugonu.
             Slain by a slave (7 damage)
             ... led by Pikel
             ... on level 4 of the Dungeon.
             The game lasted 00:05:26 (4338 turns).

ANON1729 the Skirmisher (Formicid Abyssal Knight)   Turns: 4338, Time: 00:05:27

Health: -2/42      AC:  3    Str: 18    XL:     5   Next: 17%
Magic:  7/7        EV: 12    Int: 11    God:    Lugonu [**....]
Gold:   186        SH:  0    Dex: 10    Spells: 4/4 levels left

rFire    . . .     SeeInvis +   a - +1 short sword
rCold    . . .     Gourm    .   (no shield)
rNeg     . . .     Faith    .   b - +0 leather armour
rPois    .         Spirit   .   (helmet unavailable)
rElec    .         Reflect  .   (no cloak)
rCorr    .         Harm     .   (no gloves)
MR       .....                  (no boots)
Stlth    +.........             o - amulet of magic regeneration
HPRegen  0.14/turn              (no ring)
MPRegen  0.35/turn              (no ring)

@: no status effects
A: permanent stasis, dig shafts and tunnels, four strong arms, antennae 3
a: Dig, Shaft Self, Depart the Abyss, Bend Space, Renounce Religion


You were on level 4 of the Dungeon.
You worshipped Lugonu.
Lugonu was pleased with you.
You were not hungry.

You visited 1 branch of the dungeon, and saw 4 of its levels.
You visited the Abyss 1 time.

You collected 186 gold pieces.

Inventory:

Hand Weapons
 a - a +1 short sword (weapon)
 e - a +0 short sword
Missiles
 m - 9 poisoned darts (quivered)
Armour
 b - a +0 leather armour (worn)
Jewellery
 o - an amulet of magic regeneration (around neck)
Wands
 p - a wand of digging (8)
Scrolls
 d - 5 scrolls of identify {unknown}
 f - 4 scrolls of teleportation {unknown}
 h - a scroll of remove curse {unknown}
 j - a scroll of enchant armour {unknown}
 k - a scroll of fear {unknown}
 q - 3 scrolls of immolation {unknown}
Potions
 g - 3 potions of curing {unknown}
 i - 4 potions of berserk rage {unknown}
 l - a potion of degeneration {unknown}
 n - a potion of might {unknown}
Comestibles
 c - 5 rations


   Skills:
 + Level 3.9 Fighting
 + Level 2.8 Short Blades
 + Level 3.1 Armour
 + Level 1.9 Dodging
 + Level 3.2 Invocations


You had 4 spell levels left.
You didn't know any spells.
Your spell library was empty.

Dungeon Overview and Level Annotations

Branches:
Dungeon (4/15)
 Temple: D:4-7

Altars:
Nemelex Xobeh

Annotations:
D:2 1 transporter
D:4 Pikel


Innate Abilities, Weirdness & Mutations

You cannot be hasted, slowed, berserked, paralysed or teleported.
You can dig through walls and to a lower floor.
Your four strong arms can wield two-handed weapons with a shield.
You have a pair of large antennae on your head. (SInv)


Message History

The slave hits you.
* * * LOW HITPOINT WARNING * * *
A slave comes into view.
The slave shouts!
You hit the slave.
The slave is almost dead.
The slave hits you.
* * * LOW HITPOINT WARNING * * *
You eat one of the 6 rations.
That ration really hit the spot!
The adder hisses angrily.
You hear a shout!
The slave closely misses you.
Pikel the Slaver comes into view.
He is wielding a +0 whip of flaming.
You barely miss the slave.
The slave is almost dead.
You hit the slave but do no damage.
The slave is almost dead.
The slave hits you.
* * * LOW HITPOINT WARNING * * *
The slave hits you!
You die...

#..###.........#
#....S.........#
#.......#####.##
#...a....# #
##.o....#...#
##.o...#####...#
##......# #..#
#.pp..#.## #.##
##@..###.# #..#
#..## #.###...#
##.# #.....# #.#
##...## #..
##..## ####
#...## ##...#
### #...###<##
##...##..##


You could see 2 slaves, a worker ant, an adder and 2 orcs.

Vanquished Creatures
  An orc wizard (D:3)
  A worker ant (D:4)
  A worm (D:3)
  A dart slug (D:2)
  2 leopard geckos
  7 orcs (D:3)
  5 bats
  2 giant cockroaches
  3 hobgoblins
  6 jackals
  2 quokkas (D:2)
  A ball python (D:2)
  2 frilled lizards
  3 goblins (D:1)
  8 kobolds
  3 rats (D:2)
48 creatures vanquished.

Notes
Turn   | Place    | Note
-------+----------+-------------------------------------------
     0 | Abyss:1  | ANON1729 the Formicid Abyssal Knight began the quest for
                  | the Orb.
     0 | Abyss:1  | Reached XP level 1. HP: 18/18 MP: 2/2
   127 | Abyss:1  | Noticed a ynoxinul
   127 | Abyss:1  | Noticed a small abomination
   144 | Abyss:1  | Noticed a large abomination
   165 | Abyss:1  | Found a corrupted altar of Lugonu.
   245 | Abyss:1  | Noticed a smoke demon
   255 | D:1      | Escaped the Abyss
   648 | D:1      | Reached skill level 1 in Dodging
   658 | D:1      | Reached * piety under Lugonu
   658 | D:1      | Reached XP level 2. HP: 14/24 MP: 3/3
  1595 | D:3      | Reached XP level 3. HP: 26/29 MP: 4/4
  2261 | D:2      | Found a sparkling altar of Nemelex Xobeh.
  2261 | D:2      | Found a transporter.
  2261 | D:2      | Noticed an ogre
  2262 | D:2      | Noticed a scorpion
  3013 | D:3      | Reached ** piety under Lugonu
  3151 | D:3      | Reached XP level 4. HP: 30/37 MP: 6/6
  3958 | D:4      | Reached XP level 5. HP: 17/42 MP: 7/7
  4301 | D:4      | Noticed a slave
  4301 | D:4      | Noticed a slave
  4324 | D:4      | Noticed a slave
  4326 | D:4      | Noticed Pikel
  4338 | D:4      | Slain by a slave

Illustrated notes

Levels and vault maps discovered:
D:1:      evilmike_arrival_grusome_pit, layout_loops_cross, serial_glass,
          glass_columns_c, glass_columns_b, glass_columns_a, glass_columns_c,
          item_on_display_a, item_on_display_b, due_unseen_surprise,
          feat_on_display
D:2:      minmay_spotlight, layout_basic, grunt_nemelex_the_gamble
D:3:      layout_loops_cross
D:4:      layout_layer_cave, uniq_pikel

Skill      XL: |  1  2  3  4 |
---------------+-------------+-----
Dodging        | 1 |  1.9
Invocations    | 3 |  3.2
Armour         | 3 |  3.1
Fighting       | |  3.9
Short Blades   | |  2.8

Action                   |  1- 3 |  4- 6 || total
-------------------------+-------+-------++-------
Melee: Short sword       |   192 |    71 ||   263
Invok: Depart the Abyss  |     1 |       ||     1
 Abil: Dig               |     4 |       ||     4
  Eat: Chunk             |     7 |     2 ||     9
       Ration            |       |     1 ||     1
Armor: Leather armour    |    62 |     9 ||    71
Dodge: Dodged            |   125 |    41 ||   166
